 Dungeon Crawl Stone Soup version 0.26-a0-639-g72c4674329 (webtiles) character file.

Game seed: 4175371974100654017

518 Colgate the Ruffian (level 7, -1/61 HPs)
             Began as a Gnoll Chaos Knight on Sept 17, 2020.
             Was a Follower of Okawaru.
             Slain by a white imp (6 damage)
             ... summoned by Xom
             ... on level 4 of the Dungeon.
             The game lasted 00:30:11 (3894 turns).

Colgate the Ruffian (Gnoll Chaos Knight)            Turns: 3894, Time: 00:30:15

Health: -1/61      AC:  6    Str: 15    XL:     7   Next: 21%
Magic:  10/10      EV: 15    Int: 16    God:    Okawaru [*.....]
Gold:   204        SH:  0    Dex: 14    Spells: 10/10 levels left

rFire    + + .     SeeInvis .   y - +2 hand axe (vorpal)
rCold    x . .     Faith    .   (no shield)
rNeg     . . .     Spirit   .   a - +2 leather armour
rPois    .         Reflect  .   (helmet restricted)
rElec    +         Harm     .   (no cloak)
rCorr    .         Rampage  .   (no gloves)
MR       .....                  (no boots)
Stlth    ++........             (no amulet)
HPRegen  0.20/turn              C - ring of fire
MPRegen  0.12/turn              (no ring)

@: mighty
A: distributed training, fangs 1, horns 1, repulsion field 1, rugged brown
scales 1, fire resistance 1, mutation resistance 1, electricity resistance,
strong nose
a: Heroism, Renounce Religion


You were on level 4 of the Dungeon.
You worshipped Okawaru.
Okawaru was aware of your devotion.
You visited 1 branch of the dungeon, and saw 4 of its levels.

You collected 204 gold pieces.

Inventory:

Hand Weapons
 r - a +0 morningstar
 s - a +1 short sword of flaming
 v - a +0 dagger of electrocution
 y - a +2 vorpal hand axe (weapon)
Missiles
 b - 92 stones (quivered)
 e - 38 arrows
 g - a throwing net
 i - 33 sling bullets
 u - 4 curare-tipped darts
 A - 2 javelins
Armour
 a - a +2 leather armour (worn)
 l - a +0 plate armour
 p - a +0 ring mail
Jewellery
 C - a ring of fire (left hand)
Wands
 f - a wand of enslavement (7)
 k - a wand of paralysis (7)
 n - a wand of random effects (20)
Scrolls
 d - 5 scrolls of identify
 h - 3 scrolls of teleportation {unknown}
 m - 2 scrolls of remove curse {unknown}
 q - a scroll of enchant armour {unknown}
 w - a scroll of enchant weapon {unknown}
Potions
 c - a potion of might
 j - 3 potions of heal wounds
 o - a potion of brilliance {unknown}
 t - a potion of stabbing {unknown}
 x - a potion of curing {unknown}
 z - a potion of ambrosia {unknown}
 B - a potion of resistance {unknown}
 D - a potion of haste {unknown}


   Skills:
 + Level 7.0 Fighting
 + Level 2.3 Short Blades
 + Level 2.3 Long Blades
 + Level 2.3 Axes
 + Level 2.3 Maces & Flails
 + Level 2.3 Polearms
 + Level 2.3 Staves
 + Level 2.3 Slings
 + Level 2.3 Bows
 + Level 2.3 Crossbows
 + Level 2.3 Throwing
 + Level 5.2 Armour
 + Level 3.5 Dodging
 + Level 2.3 Stealth
 + Level 2.3 Shields
 + Level 7.0 Unarmed Combat
 + Level 2.3 Spellcasting
 + Level 1.9 Conjurations
 + Level 1.9 Hexes
 + Level 1.9 Summonings
 + Level 1.9 Necromancy
 + Level 1.9 Translocations
 + Level 1.9 Transmutations
 + Level 1.9 Fire Magic
 + Level 1.9 Ice Magic
 + Level 1.9 Air Magic
 + Level 1.9 Earth Magic
 + Level 1.9 Poison Magic
 + Level 2.6 Invocations
 + Level 2.3 Evocations


You had 10 spell levels left.
You didn't know any spells.
Your spell library was empty.

Dungeon Overview and Level Annotations

Branches:
Dungeon (4/15)
 Temple: D:4-7

Altars:
Ashenzari
Fedhas
Kikubaaqudgha
Okawaru
Qazlal
Ru
Uskayaw
Xom


Innate Abilities, Weirdness & Mutations

Your experience applies equally to all skills.
You have very sharp teeth.
Your uncanny sense of smell can sniff out nearby items.
You have a pair of small horns on your head.
You are surrounded by a mild repulsion field. (EV +2)
You are partially covered in rugged brown scales. (AC +1, +3% HP)
Your flesh is heat resistant. (rF+)
You are somewhat resistant to further mutation.
You are resistant to electric shocks. (rElec)


Message History

The white imp gestures at you. The puff of frost hits you!
You feel a terrible chill!
* * * LOW HITPOINT WARNING * * *
You slash the white imp!
You kill the white imp!
You closely miss the white imp. You slash the crimson imp!
You kill the crimson imp!
You barely miss the iron imp. You hit the ufetubus.
You kill the ufetubus!
You hit the iron imp. The iron imp hits you.
* * * LOW HITPOINT WARNING * * *
The iron imp closely misses you.
Okay, then.
You slash the crimson imp! You headbutt the crimson imp.
You kill the crimson imp!
You closely miss the iron imp. You closely miss the white imp.
You barely miss the iron imp. The white imp hits you.
* * * LOW HITPOINT WARNING * * *
The white imp freezes you.
You feel a terrible chill!
You die...

#..†..P_PP...... ##.........#
......PP.P...... #..#.......##
.................##...........##
###..............#.............##
##...........................##
#.....####.####...............
#.....##..[..##.........^.....
###.....#.....5.#.............#.
##.......#......@#.............##
............._.55..............##
.........#.......#..####.........
###......#.......#.## #..#######
#......##.....##.# ##†.# #
##.....####.## #.# #..##
##..[#...... ..# #..#
#...######.. ### ##.## . ##..##
#.. ###..# .


You could see 2 iron imps and a white imp (summoned).

Vanquished Creatures
  A phantom (D:4)
  An ogre (D:2)
  An orc priest (D:3)
  A bullfrog skeleton (D:4)
  Natasha (thrice) (D:2)
  An iguana (D:4)
  A worker ant (D:4)
  7 adders
  3 gnolls (D:4)
  A white imp (D:4)
  3 worms
  3 leopard geckos
  4 orcs (D:3)
  4 bats
  4 giant cockroaches
  5 goblins
  2 hobgoblins (D:3)
  7 jackals
  A quokka (D:3)
  2 ball pythons
  4 frilled lizards
  A giant cockroach zombie (D:4)
  5 kobolds
  3 rats
68 creatures vanquished.

Vanquished Creatures (others)
  An adder (D:3)
  An orc (D:3)
  3 fungi (D:4)
  A plant (D:4)
6 creatures vanquished.

Grand Total: 74 creatures vanquished

Notes
Turn   | Place    | Note
-------+----------+-------------------------------------------
     0 | D:1      | Colgate the Gnoll Chaos Knight began the quest for the Orb.
     0 | D:1      | Reached XP level 1. HP: 23/23 MP: 1/1
    89 | D:1      | XOM: silly message
   182 | D:1      | XOM: divination: detect items
   691 | D:2      | Reached XP level 2. HP: 29/29 MP: 2/2
   710 | D:2      | XOM: silly message
   807 | D:2      | Noticed an ogre
   816 | D:2      | Killed an ogre
   816 | D:2      | Reached skill level 1 in Short Blades
   816 | D:2      | Reached skill level 1 in Long Blades
   816 | D:2      | Reached skill level 1 in Axes
   816 | D:2      | Reached skill level 1 in Maces & Flails
   816 | D:2      | Reached skill level 1 in Polearms
   816 | D:2      | Reached skill level 1 in Staves
   816 | D:2      | Reached skill level 1 in Slings
   816 | D:2      | Reached skill level 1 in Bows
   816 | D:2      | Reached skill level 1 in Crossbows
   816 | D:2      | Reached skill level 1 in Throwing
   816 | D:2      | Reached skill level 1 in Stealth
   816 | D:2      | Reached skill level 1 in Shields
   816 | D:2      | Reached skill level 1 in Spellcasting
   816 | D:2      | Reached skill level 1 in Conjurations
   816 | D:2      | Reached skill level 1 in Hexes
   816 | D:2      | Reached skill level 1 in Summonings
   816 | D:2      | Reached skill level 1 in Necromancy
   816 | D:2      | Reached skill level 1 in Translocations
   816 | D:2      | Reached skill level 1 in Transmutations
   816 | D:2      | Reached skill level 1 in Fire Magic
   816 | D:2      | Reached skill level 1 in Ice Magic
   816 | D:2      | Reached skill level 1 in Air Magic
   816 | D:2      | Reached skill level 1 in Earth Magic
   816 | D:2      | Reached skill level 1 in Poison Magic
   816 | D:2      | Reached skill level 1 in Invocations
   816 | D:2      | Reached skill level 1 in Evocations
   816 | D:2      | Reached XP level 3. HP: 35/35 MP: 2/4
   816 | D:2      | Reached XP level 4. HP: 41/41 MP: 2/5
   858 | D:2      | XOM: silly message
   864 | D:2      | Noticed Natasha
   870 | D:2      | XOM: divination: detect items
   874 | D:2      | Killed Natasha
   874 | D:2      | Reached XP level 5. HP: 47/47 MP: 6/6
   942 | D:2      | XOM: 1-stop teleportation journey
  1020 | D:2      | Noticed Natasha
  1033 | D:2      | Killed Natasha
  1331 | D:2      | XOM: give mutations
  1331 | D:2      | Gained mutation: You are clumsy. (Dex -2) [Xom's mischief]
  1331 | D:2      | Gained mutation: You occasionally shout uncontrollably at
                  | your foes. [Xom's mischief]
  1331 | D:2      | Lost mutation: You occasionally shout uncontrollably at
                  | your foes. [Xom's mischief]
  1331 | D:2      | Gained mutation: Scrolls take you a little longer to read.
                  | [Xom's mischief]
  1441 | D:2      | Noticed Natasha
  1449 | D:2      | Killed Natasha
  1719 | D:2      | Lost mutation: Scrolls take you a little longer to read.
                  | [potion of mutation]
  1719 | D:2      | Lost mutation: You are clumsy. (Dex -2) [potion of
                  | mutation]
  1719 | D:2      | Gained mutation: You have a pair of small horns on your
                  | head. [potion of mutation]
  1719 | D:2      | Gained mutation: You are somewhat resistant to further
                  | mutation. [potion of mutation]
  1719 | D:2      | Gained mutation: You are surrounded by a mild repulsion
                  | field. (EV +2) [potion of mutation]
  1913 | D:3      | XOM: destruction
  1916 | D:3      | Reached XP level 6. HP: 38/53 MP: 8/8
  2113 | D:3      | Found a shimmering altar of Xom.
  2113 | D:3      | Found a shimmering altar of Xom.
  2114 | D:3      | Found a shimmering altar of Xom.
  2114 | D:3      | Found a shimmering altar of Xom.
  2116 | D:3      | Found a shimmering altar of Xom.
  2116 | D:3      | Found a shimmering altar of Xom.
  2116 | D:3      | Found a shimmering altar of Xom.
  2510 | D:3      | XOM: noise
  2772 | D:3      | Found an iron altar of Okawaru.
  2939 | D:3      | XOM: give mutations
  2939 | D:3      | Gained mutation: Your flesh is heat resistant. (rF+) [Xom's
                  | grace]
  2939 | D:3      | Gained mutation: You are partially covered in rugged brown
                  | scales. (AC +1, +3% HP) [Xom's grace]
  2939 | D:3      | Gained mutation: You are resistant to electric shocks.
                  | (rElec) [Xom's grace]
  3165 | D:3      | Fell from the grace of Xom
  3165 | D:3      | Became a worshipper of Warmaster Okawaru
  3186 | D:4      | Found a stormy altar of Qazlal.
  3189 | D:4      | Reached skill level 5 in Armour
  3239 | D:4      | Found a blossoming altar of Fedhas.
  3359 | D:4      | Found an ancient bone altar of Kikubaaqudgha.
  3436 | D:4      | Found a sacrificial altar of Ru.
  3463 | D:4      | Found a hide-covered altar of Uskayaw.
  3465 | D:4      | XOM: torment (28/54 hp)
  3726 | D:4      | Noticed a phantom
  3869 | D:4      | Killed a phantom
  3869 | D:4      | Reached * piety under Okawaru
  3869 | D:4      | Reached XP level 7. HP: 61/61 MP: 10/10
  3879 | D:4      | Found a shattered altar of Ashenzari.
  3883 | D:4      | XOM: summons 10 hostile demons
  3894 | D:4      | Slain by a white imp

Illustrated notes

Levels and vault maps discovered:
D:1:      dpeg_arrival_signposts, layout_basic
D:2:      layout_basic, uniq_natasha
D:3:      layout_basic, okawaru_gym_becter, xom_redecorated
D:4:      layout_layer_cave, grunt_temple_overflow_forces_of_nature,
          kiku_gazebo_garden_becter, old_standard_altar, cheibriados_altar_1,
          overflow_temple_1_default, kennysheep_path_1, nicolae_ru_awakened_eye

Skill      XL: |  1  2  3  4  5  6 |
---------------+-------------------+-----
Short Blades   | 1 2 |  2.3
Long Blades    | 1 2 |  2.3
Axes           | 1 2 |  2.3
Maces & Flails | 1 2 |  2.3
Polearms       | 1 2 |  2.3
Staves         | 1 2 |  2.3
Slings         | 1 2 |  2.3
Bows           | 1 2 |  2.3
Crossbows      | 1 2 |  2.3
Throwing       | 1 2 |  2.3
Stealth        | 1 2 |  2.3
Shields        | 1 2 |  2.3
Spellcasting   | 1 2 |  2.3
Conjurations   | 1 |  1.9
Hexes          | 1 |  1.9
Summonings     | 1 |  1.9
Necromancy     | 1 |  1.9
Translocations | 1 |  1.9
Transmutations | 1 |  1.9
Fire Magic     | 1 |  1.9
Ice Magic      | 1 |  1.9
Air Magic      | 1 |  1.9
Earth Magic    | 1 |  1.9
Poison Magic   | 1 |  1.9
Invocations    | 1 2 |  2.6
Evocations     | 1 2 |  2.3
Dodging        | 3 |  3.5
Armour         | 5 |  5.2
Fighting       | 7 |  7.0
Unarmed Combat | 7 |  7.0

Action                   |  1- 3 |  4- 6 |  7- 9 || total
-------------------------+-------+-------+-------++-------
Melee: Unarmed           |    27 |   142 |     2 ||   171
       Bite              |     2 |    14 |     1 ||    17
       Headbutt          |       |    22 |     2 ||    24
       Punch             |       |     5 |       ||     5
       Hand axe          |       |       |     7 ||     7
Throw: Stone             |    20 |    69 |       ||    89
       Javelin           |       |    15 |       ||    15
       Dart              |       |     9 |       ||     9
Evoke: Wand              |       |     5 |       ||     5
  Use: Scroll            |       |     3 |       ||     3
       Potion            |       |     1 |     1 ||     2
 Stab: Sleeping          |     1 |     2 |       ||     3
       Confused          |       |     1 |       ||     1
Armor: Leather armour    |     6 |    25 |    12 ||    43
Dodge: Dodged            |    13 |    93 |    26 ||   132

Table legend: (Time is in decaauts)
 A = Elapsed time spent in this place.
 B = Non-inter-level travel time spent in this place.
 C = Inter-level travel time spent in this place.
 D = Time resting spent in this place.
 E = Time spent auto-exploring this place.
 F = Levels seen in this place.
 G = Mean time per level.
                   A        B        C        D        E       F      G
               +--------+--------+--------+--------+--------+-----+--------+
         Total |   3898 |   3555 |    343 |      0 |   2906 |   4 |  974.5 |
       Dungeon |   3898 |   3555 |    343 |      0 |   2906 |   4 |  974.5 |
               +--------+--------+--------+--------+--------+-----+--------+

Top non-repeatable levels by time:
     D:3: 1363 daAuts
     D:2: 1198 daAuts
     D:4: 707 daAuts
     D:1: 629 daAuts
